Match 24072957
Unlisted

Match 24072957
End
Construct Section Command Post
Infantry Section
Selects Air and Sea Battlegroup
Vickers Machine Gun Team
ML 3-inch Mortar Team
Infantry Section
Construct Platoon Command Post
Unlock Bishop Self-propelled Artillery
Selects Commando Section Paradrop
Commando Section Paradrop
Royal Engineer Section
Selects M1 Pack Howitzer Paradrop
Bishop Self-propelled Artillery
Construct Company Command Post
Selects Supply Surplus
Grenade Package
Vickers Machine Gun Team
Foot Guards Section
Royal Engineer Section
Selects Anti-tank Rocket Loiter
Anti-tank Rocket Loiter
Matilda II Heavy Tank
Royal Engineer Section
Anti-tank Rocket Loiter
Matilda II Heavy Tank
Selects Centaur Medium Tank
Selects Naval Bombardment
Royal Engineer Section
Armored Vehicle Training
Commando Section Paradrop
Crusader II Medium Tank
Commando Section Paradrop
Naval Bombardment
Commando Section Paradrop
Unlock Towed 17-pounder Anti-tank Guns
Anti-tank Rocket Loiter
Matilda II Heavy Tank
Civil
McVodka
SleepyDwarf
iceman
insane
UH|BluEskY
0
0

Comments sign in to comment!

No comments posted yet!